 Dungeon Crawl Stone Soup version bcrawl-1.22 (webtiles) character file.

Game seed: 1614797593270681827

653 Morbidden the Magician (level 7, -12/40 HPs)
             Began as an Avariel Venom Mage on May 21, 2020.
             Was an Initiate of Vehumet.
             Killed by nerve-wracking pain
             ... invoked by Quickbrownfox's ghost
              (14 damage)
             ... on level 4 of the Dungeon.
             The game lasted 00:15:02 (7703 turns).

Morbidden the Magician (Avariel Venom Mage)         Turns: 7703, Time: 00:15:03

Health: -12/40     AC:  3    Str: 10    XL:     7   Next: 54%
Magic:  17/17      EV: 13    Int: 23    God:    Vehumet [......]
Gold:   205        SH:  0    Dex: 13    Spells: 10/17 levels left

rFire    . . .     SeeInvis .   i - +0 spear (curse)
rCold    . . .     Gourm    .   (no shield)
rNeg     . . .     Faith    .   b - +0 robe (curse)
rPois    .         Spirit   .   (no helmet)
rElec    .         Reflect  .   (no cloak)
rCorr    .         Harm     .   (no gloves)
MR       .....                  g - +0 pair of boots
Stlth    ++........             (no amulet)
HPRegen  0.13/turn              n - +4 ring of strength
MPRegen  0.15/turn              (no ring)

@: about to teleport
A: no striking features
a: Renounce Religion


You were on level 4 of the Dungeon.
You worshipped Vehumet.
Vehumet was noncommittal.
You were not hungry.

You visited 2 branches of the dungeon, and saw 5 of its levels.

You collected 205 gold pieces.

Inventory:

Hand Weapons
 i - a cursed +0 spear (weapon)
 j - a +1 rapier of speed
 k - a +0 short sword of freezing
 m - a cursed -3 dagger
Armour
 b - a cursed +0 robe (worn)
 g - a +0 pair of boots (worn)
Jewellery
 l - a cursed amulet of faith
 n - a +4 ring of strength (left hand)
Scrolls
 p - a scroll of teleportation
Potions
 a - a potion of haste
 c - a potion of invisibility {unknown}
 d - a potion of degeneration
 f - a potion of brilliance {unknown}
 h - a potion of heal wounds
Comestibles
 e - 5 rations {!d}


   Skills:
 * Level 2.8 Fighting
 + Level 0.6 Polearms
 + Level 2.7 Dodging
 + Level 2.4 Stealth
 * Level 5.6 Spellcasting
 * Level 4.2 Conjurations
 + Level 2.3 Air Magic
 + Level 5.2 Poison Magic


You had 10 spell levels left.
You knew the following spells:

 Your Spells              Type           Power        Failure   Level  Hunger
a - Sting                 Conj/Pois      ####         1%          1    None
b - Poisonous Vapours     Pois/Air       ###...       2%          2    None
c - Olgreb's Toxic Radia  Pois           ####.....    10%         4    ###....

Your spell library contained the following spells:

 Spells                   Type           Power        Failure   Level  Hunger
 Ignite Poison            Fire/Tmut/Pois ##......     13%         3    #......
 Summon Scorpions         Summ/Pois      ###.....     30%         4    ###....
 Venom Bolt               Conj/Pois      ####......   34%         5    #####..


Dungeon Overview and Level Annotations

Branches:
Dungeon (4/12)             Temple (1/1) D:4

Altars:
Ashenzari
Cheibriados
Dithmenos
Fedhas
Gozag
Hepliaklqana
Kikubaaqudgha
Lugonu
Makhleb
Nemelex Xobeh
Okawaru
Qazlal
Ru
Trog
Uskayaw
Vehumet
Wu Jian
Xom
Yredelemnul
Zin
The Shining One

Annotations:
D:4 Quickbrownfox's ghost, amateur DsNe


Message History

You struggle to resist.
Quickbrownfox's ghost gestures at you while chanting.
Pain shoots through your body!
Quickbrownfox's ghost gestures at you while chanting.
Pain shoots through your body!
Quickbrownfox's ghost points at you and mumbles some strange words.
Pain shoots through your body!
* * * LOW HITPOINT WARNING * * *
There is a large open translucent door here.
You close the large door.
As you read the scroll of teleportation, it crumbles to dust.
You feel strangely unstable.
Quickbrownfox's ghost opens the large door.
Why would you want to do that?
Quickbrownfox's ghost casts a spell at you.
Pain shoots through your body!
* * * LOW HITPOINT WARNING * * *
Quickbrownfox's ghost gestures at you while chanting.
Pain shoots through your body!
You die...

##.##..)..#............##
#........................
#..#.....##..............
#..#.....#...............
#...#######.###.##.......
##..##.≈###.[.#........#.
#...#..#.##..#<[.......#.
##.W#.§§§##.##.[.......#.
#..'.§≈@≈#..............
#..'.#§§##.....#[...####
##.#.§.≈.####..#.....#..
#.#..≈###.....##.......
###≈##.##.....##....##.
#######.....#...#..#.
#............##...
#........#...#....
##>.......##..##.#.


You could see Quickbrownfox's ghost.

Vanquished Creatures
  A sky beast (D:4)
  A big kobold (D:3)
  A hound (D:4)
  2 orc priests (D:3)
  Jessica (D:3)
  An iguana (D:4)
  4 orc wizards
  A worker ant (D:3)
  7 adders
  A shadow imp (D:3)
  6 worms
  3 dart slugs
  4 leopard geckos
  12 orcs
  5 bats
  A giant cockroach (D:1)
  8 goblins
  13 hobgoblins
  17 jackals
  20 kobolds
  3 quokkas
  3 ball pythons
  8 frilled lizards
  7 rats
130 creatures vanquished.

Notes
Turn   | Place    | Note
-------+----------+-------------------------------------------
     0 | D:1      | Morbidden the Avariel Venom Mage began the quest for the
                  | Orb.
     0 | D:1      | Reached XP level 1. HP: 10/10 MP: 6/6
   301 | D:1      | Reached XP level 2. HP: 15/15 MP: 3/7
   752 | D:1      | Learned a level 2 spell: Poisonous Vapours
   814 | D:1      | Reached XP level 3. HP: 14/19 MP: 6/9
  1942 | D:2      | Found an opulent altar of Gozag.
  1984 | D:2      | Reached XP level 4. HP: 22/24 MP: 8/11
  2110 | D:2      | Reached skill level 1 in Fighting
  2932 | D:3      | Noticed a phantom
  3089 | D:3      | Reached XP level 5. HP: 25/29 MP: 11/13
  3674 | D:3      | Noticed Jessica
  3678 | D:3      | Killed Jessica
  4047 | D:3      | Reached XP level 6. HP: 27/34 MP: 3/14
  4254 | D:3      | Reached skill level 1 in Air Magic
  4922 | D:4      | Found a staircase to the Ecumenical Temple.
  5491 | D:4      | Noticed a sky beast
  5500 | D:4      | Reached skill level 5 in Spellcasting
  5500 | D:4      | Reached skill level 5 in Poison Magic
  5500 | D:4      | Reached XP level 7. HP: 5/40 MP: 1/16
  6417 | D:4      | Learned a level 4 spell: Olgreb's Toxic Radiance
  6808 | Temple   | Entered the Ecumenical Temple
  7181 | Temple   | Became a worshipper of Vehumet
  7529 | D:4      | Found a large runed translucent door.
  7529 | D:4      | Found a large runed translucent door.
  7530 | D:4      | Noticed Quickbrownfox's ghost (amateur DsNe)
  7702 | D:4      | HP: 2/40 [Quickbrownfox's ghost/nerve-wracking pain (10)]
  7703 | D:4      | Killed from afar by Quickbrownfox's ghost

Skill      XL: |  1  2  3  4  5  6  7 |
---------------+----------------------+-----
Spellcasting   | 3 4 5 |  5.6
Conjurations   | 2 3 4 |  4.2
Poison Magic   | 4 5 |  5.2
Fighting       | 1 2 |  2.8
Air Magic      | 2 |  2.3
Polearms       | |  0.6
Dodging        | |  2.7
Stealth        | |  2.4

Action                   |  1- 3 |  4- 6 |  7- 9 || total
-------------------------+-------+-------+-------++-------
Melee: Unarmed           |     8 |     2 |       ||    10
       Spear             |       |    92 |   119 ||   211
 Cast: Sting             |    84 |   112 |    11 ||   207
       Poisonous Vapours |     1 |    51 |    12 ||    64
  Use: Scroll            |       |     3 |     5 ||     8
       Potion            |       |     3 |       ||     3
  Eat: Chunk             |     3 |    10 |     5 ||    18
       Ration            |       |       |     1 ||     1
Armor: Robe              |     2 |    27 |    18 ||    47
Dodge: Dodged            |    12 |    96 |    76 ||   184
